 Dungeon Crawl Stone Soup version 0.28-a0-845-gfc338a8e3c (webtiles) character file.

Game seed: 824287514326237521

85 bande the Covered (level 4, -2/29 HPs)
             Began as a Gargoyle Fighter on Nov 13, 2021.
             Slain by an orc (5 damage)
             ... on level 3 of the Dungeon.
             The game lasted 00:02:35 (2194 turns).

bande the Covered (Gargoyle Fighter)                Turns: 2194, Time: 00:02:35

Health: -2/29      AC: 14    Str: 21    XL:     4   Next: 48%
Magic:  4/4        EV:  7    Int:  8    God:
Gold:   66         SH:  4    Dex:  9    Spells: 3/3 levels left

rFire   . . .      SeeInvis .   a - +0 war axe
rCold   . . .      Faith    .   c - +0 buckler
rNeg    + . .      Spirit   .   h - +0 chain mail
rPois   ∞          Reflect  .   (no helmet)
rElec   +          Harm     .   (no cloak)
rCorr   .          Rampage  .   (no gloves)
Will    .....                   i - +0 pair of boots
Stlth   ..........              (no amulet)
HPRegen 0.09/turn               (no ring)
MPRegen 0.09/turn               (no ring)

@: no status effects
A: sickness immunity, AC +3, negative energy resistance 1, electricity
resistance, torment resistance 1, petrification resistance
a: no special abilities


You were on level 3 of the Dungeon.
You visited 1 branch of the dungeon, and saw 3 of its levels.

You collected 66 gold pieces.

Inventory:

Hand Weapons
 a - a +0 war axe (weapon)
Armour
 c - a +0 buckler (worn)
 h - a +0 chain mail (worn)
 i - a +0 pair of boots (worn)
Scrolls
 e - 2 scrolls of teleportation
 k - a scroll of enchant armour {unknown}
Potions
 b - a potion of magic
 d - 3 potions of might
 f - a potion of haste
 g - a potion of brilliance {unknown}


   Skills:
 + Level 3.7 Fighting
 + Level 3.2 Axes
 + Level 3.9 Armour
 + Level 3.6 Shields


You had 3 spell levels left.
You didn't know any spells.
Your spell library contained the following spells:

 Spells                   Type           Power      Damage    Failure   Level
 Ozocubu's Armour         Ice            0%         N/A       100%        3
 Ozocubu's Refrigeration  Ice            0%         4d5       100%        7


Dungeon Overview and Level Annotations

Branches:
Dungeon (3/15)

Altars:


Innate Abilities, Weirdness & Mutations

You are immune to sickness and miasma.
Your stone body is resilient. (AC +3)
You are immune to poison.
You resist negative energy. (rN+)
You are resistant to electric shocks. (rElec)
You are resistant to unholy torment.
You are immune to petrification.


Message History

The orc priest hits you but does no damage.
You block the rat's attack. The orc hits you but does no damage.
The orc closely misses you. The orc hits you but does no damage.
You slash the orc priest!
The orc priest is almost dead.
You slash the rat!
You kill the rat!
You hit the orc but do no damage. x2; You barely miss the orc.
The orc priest hits you but does no damage.
The orc hits you but does no damage. x2; The orc hits you with a +0 dagger.
The orc hits you but does no damage.
You closely miss the orc priest.
The orc priest is almost dead.
You barely miss the orc. You completely miss the orc. You hit the orc.
You closely miss the orc.
The orc priest hits you but does no damage.
The orc hits you but does no damage. x2; The orc barely misses you.
The orc hits you with a +1 flail of protection.
The orc priest casts a cantrip, but nothing happens.
You block the orc's attack.
The orc hits you with a +2 dagger of freezing.
The orc freezes you.
You slash the orc priest!
You kill the orc priest!
You hit the orc.
You kill the orc!
You hit the orc. x3; The orc hits you but does no damage. x3
You block the orc's attack.
Your Axes skill increases to level 3!
You have reached level 4!
You feel stronger.
Unknown command.
You slash the orc!
You kill the orc!
You barely miss the orc. You closely miss the orc.
The orc hits you with a +1 flail of protection!
* * * LOW HITPOINT WARNING * * *
The orc barely misses you.
The orc hits you with a +1 flail of protection.
You die...

****** ,,,,,* ,,,,,* *####***
,,,,,*#############....,,*
,,,,,,..............###*,*
,,,,,*#######.........#*,*
,,,,,*,**** #........$##,*
,,,,,,,,,,**#....)......,*
,,,,,,,,,,,*#..)@)....##*********
******,**.......oo......,,,,,,,,,
,,,* *,**####.........##*********
,,,***,**,,........(..#**** *
,,,,,,****###...........,,*** *
,*,,***,,,*,..........##*,,,*** *
**,,,,*,_,*##...........,,,,,,* *
,,,*,**,,,* ############******* *
**,,,,*,,,* *


You could see 2 orcs.

Vanquished Creatures
  An orc priest (D:3)
  An adder (D:2)
  A worm (D:2)
  A dart slug (D:1)
  2 orcs (D:3)
  2 endoplasms (D:1)
  2 giant cockroaches
  3 hobgoblins
  6 jackals (D:2)
  A quokka (D:2)
  2 ball pythons (D:2)
  5 bats
  2 frilled lizards
  3 goblins
  5 kobolds (D:1)
  4 rats
41 creatures vanquished.

Notes
Turn   | Place    | Note
-------+----------+-------------------------------------------
     0 | D:1      | bande the Gargoyle Fighter began the quest for the Orb.
     0 | D:1      | Reached XP level 1. HP: 14/14 MP: 1/1
   101 | D:1      | You fall into a shaft and drop 1 floor!
   299 | D:2      | Reached XP level 2. HP: 15/19 MP: 2/2
   868 | D:1      | Reached XP level 3. HP: 24/24 MP: 3/3
  2124 | D:2      | Found a faded altar of an unknown god.
  2194 | D:3      | Reached XP level 4. HP: 11/29 MP: 4/4
  2194 | D:3      | Slain by an orc

Illustrated notes

Levels and vault maps discovered:
D:1:      ncdulo_lavacross, layout_basic
D:2:      layout_loops_corners, shapermc_ecumenical_altar_hornbeckon
D:3:      layout_rooms, trog_book, jmf_multi_god_temple2, portal_sewer_entry_b,
          uniq_sigmund

Skill      XL: |  1  2  3 |
---------------+----------+-----
Axes           | 2 3 |  3.2
Fighting       | |  3.7
Armour         | |  3.9
Shields        | |  3.6

Action                   |  1- 3 |  4- 6 || total
-------------------------+-------+-------++-------
Melee: War axe           |    97 |     1 ||    98
  Use: Scroll            |     6 |       ||     6
Armor: Scale mail        |    42 |       ||    42
       Chain mail        |    49 |       ||    49
Dodge: Dodged            |    55 |     1 ||    56
Block: Buckler           |    27 |       ||    27

Table legend: (Time is in decaauts)
 A = Elapsed time spent in this place.
 B = Non-inter-level travel time spent in this place.
 C = Inter-level travel time spent in this place.
 D = Time resting spent in this place.
 E = Time spent auto-exploring this place.
 F = Levels seen in this place.
 G = Mean time per level.
                   A        B        C        D        E       F      G
               +--------+--------+--------+--------+--------+-----+--------+
         Total |   2243 |   2140 |    103 |      0 |   1794 |   3 |  747.7 |
       Dungeon |   2243 |   2140 |    103 |      0 |   1794 |   3 |  747.7 |
               +--------+--------+--------+--------+--------+-----+--------+

Top non-repeatable levels by time:
     D:2: 1169 daAuts
     D:1: 1062 daAuts
     D:3: 11 daAuts
